[Event "Targo Mures Open 2019"]
[Site "Targo Mures"]
[Date "2019.10.20"]
[Round "6.11"]
[White "Paraschiv, Paul-Alexandru"]
[Black "Juncu, Nicolae"]
[Result "1/2-1/2"]
[ECO "A41"]
[WhiteElo "2023"]
[BlackElo "1857"]
[Annotator "NA"]
[PlyCount "82"]
[EventDate "2019.03.02"]
[EventType "swiss"]
[EventCountry "ROU"]
[SourceTitle "playchess.com"]
[Source "ChessBase"]
[SourceQuality "1"]
[TimeControl "5400+30"]

1. d4 d6 2. c4 Nd7 3. g3 e5 4. Bg2 g6 5. Nf3 Bg7 6. O-O Ne7 7. Nc3 O-O 8. e4 a6 9. Be3 {[%emt 0:00:08] A42: Modern Defence: Averbakh Variation} Rb8 (9... exd4 10. Bxd4 Nf6 11. Qc2 Nc6 12. Be3 Ng4 {½-½ (12) Nikolic,P (2630)-Azmaiparashvili,Z (2655) Wijk aan Zee 1993}) 10. Qd2 ({White should try} 10. dxe5 $16 Nxe5 11. Nxe5 Bxe5 12. Rc1) 10... Re8 $146 ({Predecessor:} 10... b5 11. cxb5 axb5 12. dxe5 dxe5 13. Rfd1 Qe8 14. Rac1 Rb7 15. Nd5 Nxd5 16. Qxd5 Qe7 {½-½ (29) Korn,A (2004)-Wurm,C (2083) Austria 2012}) 11. Rad1 Nc6 12. Bg5 f6 13. Be3 b5 14. cxb5 axb5 15. dxe5 Ndxe5 16. Nxe5 Nxe5 17. b3 Be6 18. h3 {[%emt 0:01:00] [#]} (18. Nd5 $14 {stays ahead.}) 18... Bf7 (18... Bxh3 $1 $17 19. f3 (19. Bxh3 Nf3+) 19... Qc8) 19. f4 Nd7 20. Nd5 c6 ({Better is} 20... Rc8 $14) 21. Nb4 $1 {[%emt 0:00:13] Discovered Attack} Rc8 22. Qxd6 {[%emt 0:00:30] Double Attack} Nb8 23. Qxd8 Rexd8 24. Rxd8+ Rxd8 25. Rc1 Be8 26. Bf1 Bf8 27. Nd3 Ba3 28. Rc2 Na6 29. e5 fxe5 30. Nxe5 Nb4 31. Re2 Nd5 32. Bd2 Bc5+ 33. Kh2 Ra8 34. Bg2 Rxa2 35. Nd3 Be3 36. Rxe3 Rxd2 37. Rxe8+ Kf7 38. Rc8 Rxd3 39. Rxc6 Ne3 40. Rc7+ Kg8 41. Rc8+ $11 Kg7 1/2-1/2

[Event "Targo Mures Open 2019"]
[Site "Targo Mures"]
[Date "2019.10.20"]
[Round "6.12"]
[White "Rosca, Vasile-Benone"]
[Black "Chiriac, Daniel"]
[Result "0-1"]
[ECO "B21"]
[WhiteElo "2017"]
[BlackElo "1836"]
[Annotator "NA"]
[PlyCount "50"]
[EventDate "2019.03.02"]
[EventType "swiss"]
[EventCountry "ROU"]
[SourceTitle "playchess.com"]
[Source "ChessBase"]
[SourceQuality "1"]
[TimeControl "5400+30"]

1. e4 c5 2. f4 d6 3. Nf3 Nf6 4. Bb5+ Bd7 5. Bxd7+ Qxd7 6. Nc3 Nc6 7. O-O g6 8. d3 Bg7 9. Ne2 {[%emt 0:03:31] B23: Closed Sicilian: Lines without g3} (9. Bd2 O-O 10. Qe1 b5 11. Ne2 a5 12. f5 Nb4 13. Qd1 c4 14. Nf4 cxd3 15. cxd3 gxf5 16. exf5 Qxf5 {0-1 (41) Kislinsky,A (2481)-Navara,D (2732) Ostrava 2017}) 9... O-O 10. c3 Rad8 11. Be3 $146 ({Predecessor:} 11. Ng3 h6 12. Qe1 e5 13. f5 Kh7 14. Ne2 Qe7 15. h3 Ng8 16. g4 Nb8 17. g5 hxg5 18. Nxg5+ Kh8 19. Qh4+ Bh6 20. f6 Qe8 21. Ng3 Nd7 22. Be3 Rc8 23. Ne6 {1-0 (23) Cummer,J (1839)-Medes,B (1397) Winnipeg 1998}) 11... b5 12. Qd2 b4 13. Ng3 (13. cxb4 $11 Nxb4 14. a3) 13... Ng4 14. d4 bxc3 15. bxc3 Nxe3 16. Qxe3 cxd4 17. cxd4 $15 Rb8 18. Rab1 Rb7 19. d5 Na5 20. Nd2 (20. Rxb7 $11 {remains equal.} Qxb7 21. Rc1) 20... Qa4 21. Ne2 Rxb1 22. Rxb1 Qxa2 23. Rc1 Nb7 24. Rc7 Nc5 25. Nd4 Qa1+ 0-1

[Event "Targo Mures Open 2019"]
[Site "Targo Mures"]
[Date "2019.10.20"]
[Round "7.1"]
[White "Manolache, Marius"]
[Black "Istratescu, Andrei"]
[Result "1/2-1/2"]
[ECO "A46"]
[WhiteElo "2548"]
[BlackElo "2564"]
[Annotator "ChessBase"]
[PlyCount "78"]
[EventDate "2019.03.02"]
[EventType "swiss"]
[EventCountry "ROU"]
[SourceTitle "playchess.com"]
[Source "ChessBase"]
[SourceQuality "1"]
[TimeControl "5400+30"]

1. d4 Nf6 2. Nf3 e6 3. e3 b6 4. b3 Bb7 5. Bb2 c5 6. Be2 cxd4 7. exd4 Be7 8. O-O O-O 9. c4 d5 10. Nc3 Nbd7 11. Rc1 Rc8 12. cxd5 Nxd5 13. Nxd5 Bxd5 14. Bc4 Nf6 15. Qe2 Bd6 16. Ne5 Qe7 17. h3 Rc7 18. Ba6 Bb7 19. Rxc7 Qxc7 20. Rc1 Qb8 21. Qb5 Rc8 22. Rxc8+ Qxc8 23. Bxb7 Qxb7 24. Ng4 Qe4 25. Nxf6+ gxf6 26. Qf1 Qf4 27. g3 Qf3 28. Qe1 h5 29. Qc3 Qxc3 30. Bxc3 f5 31. Kg2 Kf8 32. f3 Ke7 33. g4 hxg4 34. fxg4 fxg4 35. hxg4 Kd7 36. Kf3 Kc6 37. Ke4 b5 38. g5 a6 39. Bd2 Bg3 1/2-1/2

[Event "Targo Mures Open 2019"]
[Site "Targo Mures"]
[Date "2019.10.20"]
[Round "7.2"]
[White "Manea, Alexandru"]
[Black "Jianu, Vlad-Cristian"]
[Result "0-1"]
[ECO "A46"]
[WhiteElo "2305"]
[BlackElo "2529"]
[Annotator "ChessBase"]
[PlyCount "68"]
[EventDate "2019.03.02"]
[EventType "swiss"]
[EventCountry "ROU"]
[SourceTitle "playchess.com"]
[Source "ChessBase"]
[SourceQuality "1"]
[TimeControl "5400+30"]

1. d4 Nf6 2. Nf3 e6 3. g3 d5 4. Bg2 Be7 5. O-O O-O 6. b3 b6 7. Bb2 Bb7 8. Nbd2 Nbd7 9. c4 c5 10. Rc1 Rc8 11. Qc2 dxc4 12. Qxc4 cxd4 13. Qxd4 Bc5 14. Qh4 Nd5 15. Qxd8 Rfxd8 16. Nc4 Be7 17. Nd4 Nc5 18. Nb5 Ba6 19. Nc3 Bxc4 20. bxc4 Nxc3 21. Bxc3 Na4 22. Ba1 Rd2 23. Bf3 Rxa2 24. Rfd1 Bf6 25. Bd4 Bxd4 26. Rxd4 g6 27. Kf1 Kg7 28. h4 b5 29. Rb1 Rxc4 30. Rxc4 bxc4 31. Rc1 Nb6 32. e3 Kf6 33. Be2 Ra5 34. Ke1 Ke5 0-1

[Event "Targo Mures Open 2019"]
[Site "Targo Mures"]
[Date "2019.10.20"]
[Round "7.4"]
[White "Filip, Lucian-Ioan"]
[Black "Filip, Andrei"]
[Result "1-0"]
[ECO "A58"]
[WhiteElo "2418"]
[BlackElo "2047"]
[Annotator "NA RC"]
[PlyCount "47"]
[EventDate "2019.03.02"]
[EventType "swiss"]
[EventCountry "ROU"]
[SourceTitle "playchess.com"]
[Source "ChessBase"]
[SourceQuality "1"]
[TimeControl "5400+30"]

1. d4 Nf6 2. c4 c5 3. d5 b5 4. cxb5 a6 5. bxa6 d6 6. e4 g6 7. Nc3 Bg7 8. Nf3 O-O 9. a4 Bxa6 10. Bxa6 Nxa6 11. O-O Nb4 12. Qe2 Qa5 13. Nb5 Nd7 14. Bd2 $16 Rfb8 15. Bc3 Nb6 16. Bxg7 Kxg7 17. b3 Rc8 18. Rfc1 Na6 19. e5 Nxd5 20. exd6 exd6 21. Nxd6 Rf8 22. Qe5+ Nf6 23. Ng5 Qd2 24. Rd1 1-0

[Event "Targo Mures Open 2019"]
[Site "Targo Mures"]
[Date "2019.10.20"]
[Round "7.5"]
[White "Rusan, Paul-Cristian"]
[Black "Vasiesiu, Dan"]
[Result "1/2-1/2"]
[ECO "B90"]
[WhiteElo "2105"]
[BlackElo "2392"]
[Annotator "NA"]
[PlyCount "52"]
[EventDate "2019.03.02"]
[EventType "swiss"]
[EventCountry "ROU"]
[SourceTitle "playchess.com"]
[Source "ChessBase"]
[SourceQuality "1"]
[TimeControl "5400+30"]

1. e4 c5 2. Nf3 d6 3. d4 cxd4 4. Nxd4 Nf6 5. Nc3 a6 6. h3 e6 7. g4 Nfd7 {[%emt 0:00:20] B81: Sicilian Scheveningen: Keres Attack} (7... h6 8. Bg2 Be7 9. Qd3 Nc6 10. Nxc6 bxc6 11. e5 Nd5 12. exd6 Bxd6 13. Ne4 Bc7 14. c4 Nf4 15. Qxd8+ Kxd8 16. Kf1 {½-½ (45) Nepomniachtchi,I (2775)-Wojtaszek,R (2737) Dortmund 2019}) 8. Bg2 Be7 9. O-O Nc6 10. Kh1 O-O 11. f4 Nxd4 12. Qxd4 b5 13. a4 $146 ({Predecessor:} 13. Ne2 Qc7 14. Ng3 Bf6 15. Qe3 Bb7 16. g5 {1-0 (28) Argote Heredia,V (1944)-Encina,G (1732) Montevideo 2017}) 13... bxa4 14. Nxa4 Bb7 15. c4 Rc8 16. Be3 e5 17. Qd3 exf4 18. Bxf4 Ne5 19. Bxe5 dxe5 20. Rfd1 Qxd3 21. Rxd3 Rb8 $11 22. b3 Bc8 23. Rb1 a5 24. Rd5 Be6 25. Rxe5 Bb4 26. Nc5 Bc3 1/2-1/2

[Event "Targo Mures Open 2019"]
[Site "Targo Mures"]
[Date "2019.10.20"]
[Round "7.6"]
[White "Banzea, Alexandru-Bogdan"]
[Black "Stegariu, Alexandru"]
[Result "1-0"]
[ECO "C88"]
[WhiteElo "2389"]
[BlackElo "2146"]
[Annotator "NA"]
[PlyCount "87"]
[EventDate "2019.03.02"]
[EventType "swiss"]
[EventCountry "ROU"]
[SourceTitle "playchess.com"]
[Source "ChessBase"]
[SourceQuality "1"]
[TimeControl "5400+30"]

1. e4 e5 2. Nf3 Nc6 3. Bb5 a6 4. Ba4 Nf6 5. O-O b5 6. Bb3 Be7 7. Re1 O-O 8. a4 b4 9. a5 d6 10. d3 Na7 {[%emt 0:03:29] C88: Closed Ruy Lopez: Anti-Marshall Systems} (10... Be6 11. Bxe6 fxe6 12. Nbd2 d5 13. Nb3 d4 14. Bd2 Rb8 15. Rc1 Rb5 16. h3 Qd6 17. Bg5 Nd7 18. Bxe7 Qxe7 19. Nfd2 Nc5 20. Nc4 Nb7 21. Ra1 Nd6 22. Ncd2 Nb7 23. Nc4 Nd6 24. Ncd2 Nb7 25. Nc4 {½-½ (25) Vachier Lagrave,M (2773)-Aronian,L (2763) Karlsruhe/Baden Baden 2019}) 11. Nbd2 c5 12. Nc4 Be6 $146 ({Predecessor:} 12... Rb8 13. Bg5 Be6 14. Ncd2 Bxb3 15. Nxb3 Nd5 16. Bxe7 Nxe7 17. Nfd2 f5 18. exf5 Nxf5 {1-0 (36) Martins,A (2018)-Salvador,D (1878) Florianopolis 2017}) 13. Nb6 Bxb3 14. Nxa8 Bxc2 15. Qxc2 Qxa8 16. Be3 Nc6 17. Nd2 Ne8 18. g3 Nc7 19. f4 Nb5 20. Nf3 Bf6 21. f5 Qd8 22. g4 Nbd4 23. Bxd4 exd4 24. Kh1 $11 Bg5 25. Qc4 Nb8 26. Qd5 Bf4 27. e5 dxe5 28. Qxd8 Rxd8 29. Nxe5 Kf8 30. Re4 Be3 31. Nc4 Bg5 32. Rae1 Nc6 33. b3 g6 34. fxg6 hxg6 35. Rf1 Re8 36. Rxe8+ Kxe8 37. Kg2 f6 38. Kg3 Ke7 39. h4 Be3 40. Kf3 Ke6 41. Ke4 Bh6 42. g5 f5+ 43. Kf4 Bg7 44. Re1+ {[%emt 0:01:48] Bf6} 1-0

[Event "Targo Mures Open 2019"]
[Site "Targo Mures"]
[Date "2019.10.20"]
[Round "7.7"]
[White "Chiriac, Daniel"]
[Black "Ognean, Mihnea-Ionut"]
[Result "0-1"]
[ECO "A22"]
[WhiteElo "1836"]
[BlackElo "2285"]
[Annotator "NA"]
[PlyCount "48"]
[EventDate "2019.03.02"]
[EventType "swiss"]
[EventCountry "ROU"]
[SourceTitle "playchess.com"]
[Source "ChessBase"]
[SourceQuality "1"]
[TimeControl "5400+30"]

1. c4 e5 2. Nc3 Nf6 3. g3 c6 4. d4 exd4 5. Qxd4 d5 6. cxd5 cxd5 7. Bg2 Nc6 8. Qd1 d4 9. Ne4 Bb4+ {[%emt 0:04:40] A23: English Opening: 1...e5 2 Nc3 Nf6 3 g3 c6} 10. Bd2 O-O 11. Bxb4 (11. Nxf6+ Qxf6 12. Nf3 d3 13. O-O dxe2 14. Qxe2 Qxb2 15. Rfb1 Qf6 16. Bxb4 Nxb4 17. Qb2 Qxb2 18. Rxb2 {½-½ (41) Krivtsov,A (2232)-Khanin,S (2485) Voronezh 2018}) 11... Nxb4 12. Qd2 $146 ({Predecessor:} 12. a3 Nc6 13. Nxf6+ Qxf6 14. Nf3 Be6 15. O-O Rad8 16. Qd2 Rfe8 17. Ng5 {0-1 (47) Guliashvili,L (2002)-Avdeenko,T (2108) Novokuznetsk 2013}) 12... Nxe4 13. Qxb4 a5 14. Qa3 Re8 15. Rd1 Qb6 16. Qd3 Qb4+ 17. Kf1 Bf5 18. Qxd4 Qe7 19. Qe3 Qc7 20. Nh3 Rad8 21. Rxd8 Qxd8 ({Weaker is} 21... Rxd8 22. Bxe4 Bxh3+ 23. Ke1 $15) 22. Ke1 $19 Qd6 23. a3 Rd8 24. Qd3 Qc7 0-1

[Event "Targo Mures Open 2019"]
[Site "Targo Mures"]
[Date "2019.10.20"]
[Round "7.8"]
[White "Soltanici, Ruslan"]
[Black "Paraschiv, Petronela-Alexandra"]
[Result "1-0"]
[ECO "B01"]
[WhiteElo "2416"]
[BlackElo "1829"]
[Annotator "NA"]
[PlyCount "29"]
[EventDate "2019.03.02"]
[EventType "swiss"]
[EventCountry "ROU"]
[SourceTitle "playchess.com"]
[Source "ChessBase"]
[SourceQuality "1"]
[TimeControl "5400+30"]

1. e4 d5 2. exd5 Qxd5 3. Nc3 Qa5 4. g3 Nf6 5. Bg2 c6 6. Nf3 Bf5 7. b4 Qc7 8. Rb1 e6 9. O-O Bd6 10. b5 c5 11. d3 O-O 12. Nd2 Nbd7 13. Nc4 Rab8 14. b6 Nxb6 15. Nb5 1-0

[Event "Targo Mures Open 2019"]
[Site "Targo Mures"]
[Date "2019.10.20"]
[Round "7.9"]
[White "Daianu, Cristian-Clement"]
[Black "Botea, David-Alexandru"]
[Result "1-0"]
[ECO "C55"]
[WhiteElo "2206"]
[BlackElo "1958"]
[Annotator "NA"]
[PlyCount "75"]
[EventDate "2019.03.02"]
[EventType "swiss"]
[EventCountry "ROU"]
[SourceTitle "playchess.com"]
[Source "ChessBase"]
[SourceQuality "1"]
[TimeControl "5400+30"]

1. e4 e5 2. Nf3 Nc6 3. Bc4 Nf6 4. d3 Be7 5. O-O O-O 6. c3 d5 7. exd5 Nxd5 8. Re1 Bg4 {[%emt 0:00:13] C55: Two Knights: 4 d3, 4 d4 exd4 5 e5 and Max Lange Attack} 9. Nbd2 Nb6 10. Bb5 f6 11. h3 Bh5 12. Ne4 Qd5 13. c4 (13. Qb3 Bf7 14. Qxd5 Bxd5 15. Be3 Rfd8 16. Ned2 a6 17. Bxc6 Bxc6 18. Bxb6 cxb6 {½-½ (37) Jakubowski,K (2518)-Bobras,P (2488) Katowice 2019}) 13... Qd7 14. Nxe5 $146 ({Predecessor:} 14. c5 Bxf3 15. gxf3 Nd5 16. Qb3 Kh8 17. Kg2 Rfd8 18. Bd2 {½-½ (69) Nunez Miranda,A (2120)-Quevedo Marin,M (2231) Madrid 2016}) 14... Nxe5 15. Bxd7 Bxd1 16. Be6+ Kh8 17. Rxd1 Rad8 18. c5 Nd5 19. d4 Ng6 20. Bxd5 Rxd5 21. Nc3 $16 Rd7 22. Be3 c6 23. d5 cxd5 24. Rxd5 Ne5 25. b4 Rxd5 26. Nxd5 Bd8 27. Rc1 Rf7 28. b5 Rd7 29. Nb4 Ba5 30. c6 bxc6 31. Nxc6 Nxc6 32. Rxc6 Kg8 33. Ra6 Bc7 34. Kf1 Bb8 35. b6 axb6 36. Ra8 Rd8 37. Bxb6 Rf8 38. a4 1-0

[Event "Targo Mures Open 2019"]
[Site "Targo Mures"]
[Date "2019.10.20"]
[Round "7.10"]
[White "Juncu, Nicolae"]
[Black "Titu, Maiorescu-Dorin"]
[Result "0-1"]
[ECO "A45"]
[WhiteElo "1857"]
[BlackElo "2147"]
[Annotator "NA"]
[PlyCount "107"]
[EventDate "2019.03.02"]
[EventType "swiss"]
[EventCountry "ROU"]
[SourceTitle "playchess.com"]
[Source "ChessBase"]
[SourceQuality "1"]
[TimeControl "5400+30"]

1. d4 Nf6 2. c3 d5 3. Bf4 g6 4. h3 Bg7 5. Nf3 O-O 6. e3 b6 7. a4 {[%emt 0:00:48] D02: 1 d4 d5 2 Nf3 sidelines, including 2...Nf6 3 g3 and 2...Nf6 3 Bf4} a6 8. Bd3 Bb7 9. Nbd2 Nbd7 10. O-O Ne4 11. Qc2 Nxd2 12. Qxd2 f6 $146 ({Predecessor:} 12... c5 13. Bh2 e6 14. b4 c4 {0-1 (31) Boe Olsen,M (2337)-Glud,J (2486) Silkeborg 2008}) 13. Bc2 e6 14. Rfe1 f5 15. Bd3 h6 16. Be5 Bxe5 17. Nxe5 Nxe5 18. dxe5 a5 19. g3 c5 20. Bf1 Kg7 21. Bg2 Qc7 $11 22. f4 Rfd8 23. Qf2 Rd7 24. Red1 Ba6 25. g4 Rf8 26. Qg3 Kh7 27. g5 h5 28. Bf3 Kg7 29. Qf2 Rfd8 30. Qc2 Bb7 31. Bg2 Kf7 32. h4 Qb8 33. Qf2 Ba6 34. Rd2 Qc7 35. Rad1 Bc4 36. Ra1 Bb3 37. Bf1 c4 38. Be2 Qc6 39. Bd1 Bxd1 40. Rdxd1 Rb7 41. Qc2 Rdb8 42. Ra2 b5 43. axb5 Rxb5 44. Qa4 Qc5 45. Rd4 R8b7 46. Kf2 Rxb2+ 47. Rd2 Rxd2+ 48. Rxd2 Rb5 49. Kf3 Ke7 50. Ke2 Rb3 51. Qa1 a4 52. Ra2 a3 53. Qc1 Qa5 54. Ke1 0-1

[Event "Targo Mures Open 2019"]
[Site "Targo Mures"]
[Date "2019.10.20"]
[Round "7.11"]
[White "Illes, Sandor-Ferenc"]
[Black "Paraschiv, Paul-Alexandru"]
[Result "1/2-1/2"]
[ECO "C18"]
[WhiteElo "1905"]
[BlackElo "2023"]
[Annotator "NA"]
[PlyCount "160"]
[EventDate "2019.03.02"]
[EventType "swiss"]
[EventCountry "ROU"]
[SourceTitle "playchess.com"]
[Source "ChessBase"]
[SourceQuality "1"]
[TimeControl "5400+30"]

1. e4 e6 2. d4 d5 3. Nc3 Bb4 4. e5 c5 5. a3 Bxc3+ 6. bxc3 Qa5 7. Bd2 Qa4 8. Be3 c4 9. Ne2 Ne7 10. Ng3 Nbc6 11. Qd2 Bd7 12. Nh5 Rg8 13. g3 O-O-O 14. Bh3 Rdf8 15. O-O Qa5 16. Qe1 a6 17. Bd2 Na7 18. f3 Ba4 19. Rf2 Nb5 20. Ra2 Kb8 21. Kh1 Nc7 22. Qb1 Nc6 23. Nf4 Nb5 24. Qe1 Ka7 25. Ng2 Qc7 26. Ne3 Qe7 27. Bc1 Nc7 28. Nd1 Qd7 29. f4 Ne7 30. Ne3 Nf5 31. Qe2 Nxe3 32. Qxe3 g6 33. Ra1 h5 34. Bb2 Qe7 35. Re1 Rc8 36. Bg2 Nb5 37. Ra1 Rc6 38. Qd2 Rb6 39. Rff1 Rh8 40. h4 Ka8 41. Rab1 Rc8 42. Bc1 a5 43. Bb2 Rcc6 44. Qc1 Nc7 45. Ra1 Rb5 46. Ra2 Rcb6 47. Re1 Ne8 48. Bh3 Ng7 49. Kg2 Kb8 50. Kf3 Kc7 51. Rg1 Kd8 52. Re1 Ke8 53. Rg1 Kf8 54. Re1 Kg8 55. Rg1 Kh7 56. Re1 Nf5 57. Bxf5 gxf5 58. Kf2 Qf8 59. Rg1 Qg7 60. Ba1 Kh6 61. Rb2 Rxb2 62. Bxb2 Qg4 63. Rg2 Qg8 64. Ke3 Qe8 65. Kd2 Qb5 66. Ba1 Qb1 67. Rg1 Qa2 68. Re1 Rb3 69. Rg1 Bc6 70. Re1 b5 71. Rd1 b4 72. axb4 axb4 73. Ke1 Ra3 74. Bb2 Ra8 75. cxb4 c3 76. Bxc3 Qc4 77. Qe3 Ra3 78. Kd2 Qa6 79. Qe1 Qc4 80. Qe3 Qa6 1/2-1/2

[Event "Targo Mures Open 2019"]
[Site "Targo Mures"]
[Date "2019.10.20"]
[Round "7.12"]
[White "Ambru, Dan-Calin"]
[Black "Porfireanu, Serban"]
[Result "1/2-1/2"]
[ECO "E73"]
[WhiteElo "2004"]
[BlackElo "1811"]
[Annotator "NA"]
[PlyCount "73"]
[EventDate "2019.03.02"]
[EventType "swiss"]
[EventCountry "ROU"]
[SourceTitle "playchess.com"]
[Source "ChessBase"]
[SourceQuality "1"]
[TimeControl "5400+30"]

1. d4 Nf6 2. c4 d6 3. Nc3 g6 4. e4 Bg7 5. Be2 O-O 6. Be3 e5 7. d5 c6 8. Nf3 cxd5 9. cxd5 Bg4 10. O-O Nbd7 11. Nd2 Bxe2 12. Qxe2 a6 13. a4 Nh5 14. g3 Qe8 15. Nc4 Qe7 16. a5 Rac8 17. Rac1 Bh8 18. Na4 Ng7 19. Ncb6 Nxb6 20. Nxb6 Rxc1 21. Rxc1 f5 22. Bh6 Re8 23. Rc4 fxe4 24. Bxg7 Bxg7 25. Qxe4 Qf7 26. b4 Rf8 27. Qc2 Qf3 28. Rc3 Qg4 29. Rc4 Qf3 30. Rc8 e4 31. Nd7 Rxc8 32. Qxc8+ Kf7 33. Qxb7 Qd1+ 34. Kg2 Qf3+ 35. Kh3 Qh5+ 36. Kg2 Qf3+ 37. Kg1 1/2-1/2